 Dungeon Crawl Stone Soup version bcrawl-1.12-10-g10a67aac0f (webtiles) character file.

Game seed: 3164746217134910585

43683 MisterOstroum the Unseen (level 13, 0/103 HPs)
             Began as a Vampire Rogue on June 12, 2019.
             Was a High Priest of Dithmenos.
             Slain by a sixfirhy (11 damage)
             ... in a Gauntlet on June 14, 2019.
             The game lasted 02:16:07 (22867 turns).

MisterOstroum the Unseen (Vampire Rogue)           Turns: 22867, Time: 02:16:08

Health: 0/103      AC:  0    Str: 14    XL:     13   Next: 92%
Magic:  20/20      EV: 32    Int: 12    God:    Dithmenos [*****.]
Gold:   1277       SH:  0    Dex: 24    Spells: 5/22 levels left

rFire    . . .     SeeInvis +   (weapon currently unavailable)
rCold    . . .     Gourm    .   (shield currently unavailable)
rNeg     . . .     Faith    .   (armour currently unavailable)
rPois    .         Spirit   .   (helmet currently unavailable)
rElec    .         Reflect  .   (cloak currently unavailable)
rCorr    .         Harm     .   (gloves currently unavailable)
MR       +....     NoTele   +   (boots currently unavailable)
Stlth    ++++++++++             o - amulet of magic regeneration
HPRegen  0.64/turn              (ring currently unavailable)
MPRegen  0.42/turn              (ring currently unavailable)

@: bat-form, flying, very slightly contaminated, regenerating quickly, wreathed
by umbra, very quick
A: tiny, fangs 3, see invisible
a: End Transformation, Shadow Step, Shadow Form, Renounce Religion


You were in a Gauntlet.
You worshipped Dithmenos.
Dithmenos was extremely pleased with you.
You were full.
You were in vampire-bat-form.
You visited 4 branches of the dungeon, and saw 20 of its levels.
You also visited: Gauntlet.

You collected 1277 gold pieces.

Inventory:

Hand Weapons
 a - a +0 rapier of protection (melded)
 b - a +0 blowgun
Missiles
 h - 125 poisoned needles
 i - 108 exploding tomahawks
 v - 49 tomahawks (quivered)
 D - 90 poisoned tomahawks
 S - 298 javelins
Armour
 j - a +1 helmet (melded)
 m - a +2 pair of boots of flying (melded)
 n - a +2 buckler (melded)
 E - a +0 pair of gloves (melded)
 P - a scarf of spirit shield (melded)
 U - the +1 robe of the Elven Halls (melded) {rN++ rCorr SInv}
   (You found it on level 8 of the Dungeon)

   It greatly protects you from negative energy.
   It lets you see invisible.
   It provides partial protection from all sources of acid and corrosion.
Jewellery
 o - an amulet of magic regeneration (around neck)
 w - a ring of wizardry (melded)
 y - the ring "Xikyq" {Ice -Tele MR++ Int+4, unknown}
   (You found it in a Gauntlet)

   [ring of ice]

   It enhances your ice magic.
   It affects your intelligence (+4).
   It makes you vulnerable to fire.
   It protects you from cold.
   It affects your resistance to hostile enchantments.
   It prevents most forms of teleportation.
 T - a ring of poison resistance (melded)
Wands
 c - a wand of disintegration (25)
 d - a wand of iceblast (11)
 f - a wand of flame (57)
 g - a wand of enslavement (15)
 I - a wand of paralysis (7)
 J - a wand of acid (17)
 Q - a wand of clouds (6)
Scrolls
 p - 11 scrolls of remove curse {@r2}
 s - a scroll of teleportation {@r3 !r}
 t - 4 scrolls of blinking {@r4}
 u - a scroll of magic mapping {unknown}
 B - 2 scrolls of fear
 F - a scroll of silence
 K - a scroll of summoning
 L - a scroll of enchant armour
 R - a scroll of torment
 Z - 6 scrolls of fog {!r}
Potions
 e - 10 potions of blood
 k - 5 potions of lignification {@q6}
 l - 3 potions of flight
 r - a potion of ambrosia
 x - 2 potions of magic
 z - 5 potions of heal wounds {@q2 !q}
 C - 2 potions of agility {@q5 !q}
 M - a potion of mutation
 N - 3 potions of brilliance
 W - 2 potions of might {@q3 !q}
 X - 3 potions of curing {@q1 !q}
 Y - a potion of invisibility
Miscellaneous
 q - a lamp of fire
 H - a phial of floods


   Skills:
 - Level 10.0 Fighting
 - Level 7.2(8.0) Short Blades
   Level 5.0(6.8) Long Blades
 + Level 9.4 Throwing
 - Level 10.0 Dodging
 - Level 15.0 Stealth
 - Level 4.0 Shields
 - Level 5.0 Spellcasting
 - Level 10.4 Hexes
 - Level 2.8 Ice Magic
 + Level 2.4 Invocations
 - Level 5.0 Evocations


You had 5 spell levels left.
You knew the following spells:

 Your Spells              Type           Power        Failure   Level  Hunger
a - Ensorcelled Hibernat  Hex/Ice        ###...       1%          2    ##.....
b - Confuse               Hex            ####....     1%          3    ###....
c - Tukima's Dance        Hex            ####....     1%          3    ###....
d - Stone Arrow           Conj/Erth      #.....       52%         3    ###....
e - Shackle               Hex            ####....     1%          2    ##.....
f - Cause Fear            Hex            ####......   2%          4    ####...

Your spell library contained the following spells:

 Spells                   Type           Power        Failure   Level  Hunger
 Corona                   Hex            ####...      1%          1    None
 Freeze                   Ice            #...         6%          1    None
 Dazzling Spray           Conj/Hex       ###...       7%          3    ###....
 False Image              Hex/Summ       ###.....     7%          3    ###....
 Inner Flame              Hex/Fire       N/A          7%          3    ###....
 Throw Frost              Conj/Ice       #.....       17%         2    ##.....
 Magic Dart               Conj           #...         21%         1    None
 Shock                    Conj/Air       #...         21%         1    None
 Yara's Violent Unravell  Hex/Tmut       ###.......   24%         4    ####...
 Swiftness                Chrm/Air       #.......     30%         2    ##.....
 Ozocubu's Armour         Chrm/Ice       #.......     34%         3    ###....
 Static Discharge         Conj/Air       #.......     52%         3    ###....
 Summon Ice Beast         Ice/Summ       #.......     75%         4    ####...
 Throw Icicle             Conj/Ice       #.......     75%         4    ####...
 Airstrike                Air            #.........   89%         4    ####...
 Lightning Bolt           Conj/Air       #.........   99%         5    ######.


Dungeon Overview and Level Annotations

Branches:
Dungeon (12/12)            Temple (1/1) D:5            Lair (6/6) D:9
  Swamp (1/3) Lair:3       Spider (0/3) Lair:2          Orc (0/1) D:11
  Slime: Lair:5-6    Vaults: D:11-12     Depths: D:12

Altars:
Ashenzari
Cheibriados
Dithmenos
Elyvilon
Fedhas
Gozag
Hepliaklqana
Kikubaaqudgha
Lugonu
Makhleb
Nemelex Xobeh
Okawaru
Qazlal
Ru
Sif Muna
Trog
Uskayaw
Vehumet
Wu Jian
Xom
Yredelemnul
Zin
The Shining One

Shops:
D:6 [

Annotations:
D:11 Nergalle Gauntlet 7 transporters


Innate Abilities, Weirdness & Mutations

Your natural rate of healing is unusually fast.
((You have sharp fingernails.))
You have razor-sharp teeth.
You have supernaturally acute eyesight. (SInv)
((You can survive without breathing.))


Message History

You block the hog's attack. The hippogriff completely misses you.
The hippogriff misses you.
The hippogriff claws you but does no damage.
You barely miss the hog.
The hog is almost dead.
The hog bites you.
The hippogriff bites you but does no damage.
The hippogriff closely misses you. You block the hippogriff's attack.
Some of your 13 potions of blood rot away.
You puncture the hog!
You kill the hog!
Dithmenos accepts your kill. You block the hippogriff's attack.
The hippogriff pecks you. The hippogriff claws you.
Casting: Confuse (safe; 1% risk of failure)
Confirm with . or Enter, or press ? or * to list all spells.
Aiming: Ensorcelled Hibernation (safe; 1% risk of failure)
Press: ? - help, Shift-Dir - straight line, f - hippogriff
Aim: a hippogriff shaped shifter (umbra, chance to defeat MR: 44%)
The hippogriff looks drowsy...
The helpless hippogriff fails to defend itself.
You skewer the hippogriff like a kebab!!!!
You kill the hippogriff!
Dithmenos accepts your kill.
There is a transporter here.
You enter the transporter and appear at another place.
Casting: Ensorcelled Hibernation (safe; 1% risk of failure)
Confirm with . or Enter, or press ? or * to list all spells.
Okay, then.
There is a transporter here.
You enter the transporter and appear at another place.
Casting: Ensorcelled Hibernation (safe; 1% risk of failure)
Confirm with . or Enter, or press ? or * to list all spells.
Aiming: Ensorcelled Hibernation (safe; 1% risk of failure)
Press: ? - help, Shift-Dir - straight line, f - sixfirhy
Aim: a sixfirhy (hasn't noticed you, umbra, chance to defeat MR: 17%)
Okay, then.
The sixfirhy misses you.
Casting: Ensorcelled Hibernation (safe; 1% risk of failure)
Confirm with . or Enter, or press ? or * to list all spells.
Aiming: Confuse (safe; 1% risk of failure)
Press: ? - help, Shift-Dir - straight line, f - sixfirhy
Aim: a sixfirhy (umbra, chance to defeat MR: 23%)
Okay, then.
Unknown command.
Unknown command.
You turn into a vampire bat.
Your +0 rapier of protection melds into your body.
Your scarf of spirit shield melds into your body.
Your +1 helmet melds into your body.
Your +0 pair of gloves melds into your body.
Your +2 pair of boots of flying melds into your body.
Your +2 buckler melds into your body.
The +1 robe of the Elven Halls {rN++ rCorr SInv} melds into your body.
Your ring of wizardry melds into your body.
Your ring of poison resistance melds into your body.
Your +0 rapier of protection goes still.
You feel strangely alone. The sixfirhy completely misses you.
The sixfirhy barely misses you. The sixfirhy completely misses you.
The sixfirhy misses you. The sixfirhy completely misses you. x2
The sixfirhy completely misses you. The sixfirhy completely misses you.
The sixfirhy misses you. The sixfirhy completely misses you.
The sixfirhy completely misses you. x3
You pick up a book of Air and begin reading...
You add the spells Shock, Swiftness, Static Discharge and Airstrike to your library.
There are no items here.
The sixfirhy hits you! The sixfirhy shocks you! The sixfirhy hits you!
The sixfirhy shocks you! The sixfirhy misses you.
You see here a potion of magic.
There is a transporter here.
Press: ? - help, v - describe, . - travel
Here: a sixfirhy (umbra)
The floor.
You see here a twitching bone ring.
y - a twitching bone ring The sixfirhy completely misses you. x2; The sixfirhy hits you.
The sixfirhy shocks you! The sixfirhy hits you! The sixfirhy shocks you!
The sixfirhy misses you. The sixfirhy misses you.
The sixfirhy completely misses you.
There is a transporter landing site here.
The sixfirhy closely misses you. The sixfirhy completely misses you.
The sixfirhy closely misses you. The sixfirhy hits you.
The sixfirhy shocks you!
* * * LOW HITPOINT WARNING * * *
You hear a shout!
Okay, then.
Blink to where?
Press: ? - help, Dir - move target cursor You are very lightly contaminated with residual magic.
As you read the scroll of blinking {@r4}, it crumbles to dust.
Press: ? - help, v - describe, . - travel The floor.
This square is wreathed by an umbra.
Unknown command.
The sixfirhy hits you!
* * * LOW HITPOINT WARNING * * *
The sixfirhy shocks you!
You die...

##.##### .......# ©.
....©.#
#######################
......8⌠8............8#
......................#
######...###########..#
©=".5#...#..#.©!...#..#
..P..#...#..3#.3b..#..#
PP#P.#...#...#....##..#
.PPP.#...#....#.##.#..#
©.pp.#...#...###...#..#
.P.P.#...#.##3#....#..#
PP#P.#...##..33#...#..#
.PPP.#...#.....#...#..#
..5..#...#......#..#..#
######...###########..#


You could see 4 sixfirhies.

Vanquished Creatures
  Rupert (Lair:4)
  A dire elephant (Lair:6)
  Snorg (Lair:3)
  7 hydras
  2 centaur warriors
  A queen ant (D:8)
  2 two-headed ogres
  Urug (Lair:1)
  A sixfirhy (Gauntlet)
  2 ugly things (D:10)
  4 elephants
  Joseph (D:8)
  4 black mambas
  A moth of wrath (shapeshifter) (D:10)
  12 cane toads
  A cane toad (shapeshifter) (Gauntlet)
  5 centaur skeletons
  4 komodo dragons
  4 rime drakes
  2 trolls
  A polar bear (Lair:6)
  2 hornets
  A dream sheep (Lair:3)
  A hippogriff (shapeshifter) (Gauntlet)
  2 hippogriffs
  12 blink frogs
  Sigmund (D:2)
  4 spriggans
  A shadow (Swamp:1)
  2 redbacks (Lair:2)
  A wyvern (Lair:4)
  A hog (shapeshifter) (Gauntlet)
  28 yaks
  4 vampire mosquitoes
  A hungry ghost (D:6)
  Menkaure (D:6)
  Edmund (D:6)
  5 soldier ants (D:8)
  10 water moccasins
  12 porcupines
  An ice beast (D:10)
  2 sky beasts
  2 orc warriors
  A swamp drake (Lair:2)
  4 black bears
  5 necrophages
  An eye of draining (D:10)
  6 wolves (Lair:2)
  6 centaurs
  6 ogres
  A phantom (D:5)
  A big kobold (D:8)
  8 crocodiles
  9 bullfrogs
  A gnoll sergeant (D:5)
  5 scorpions
  A water moccasin skeleton (D:9)
  4 killer bees (D:10)
  A wight (D:8)
  2 howler monkeys (D:7)
  6 crimson imps
  2 centaur zombies
  2 quasits (D:8)
  6 hounds
  4 jellies
  5 orc priests
  5 orc wizards
  7 iguanas
  21 worker ants
  A hound zombie (D:5)
  2 mummies (D:8)
  Robin (D:2)
  5 gnolls (D:5)
  6 adders
  A shadow imp (D:8)
  2 oozes
  An adder zombie (D:8)
  3 adder skeletons
  4 worms
  2 dart slugs (D:1)
  3 leopard geckos
  37 orcs
  5 bats
  4 giant cockroaches
  8 goblins
  11 hobgoblins
  18 jackals
  10 kobolds
  5 quokkas
  5 ball pythons
  2 frilled lizards (D:1)
  A jackal skeleton (D:8)
  A leopard gecko skeleton (D:4)
  6 rats
417 creatures vanquished.

Vanquished Creatures (collateral kills)
  A hornet (D:12)
  A hippogriff (D:12)
  An eye of draining (D:12)
  A crimson imp (D:12)
4 creatures vanquished.

Vanquished Creatures (others)
  A soldier ant (D:8)
  A bush (Lair:3)
  5 fungi
  5 plants
12 creatures vanquished.

Grand Total: 433 creatures vanquished

Notes
Turn   | Place    | Note
-------+----------+-------------------------------------------
     0 | D:1      | MisterOstroum the Vampire Rogue began the quest for the
                  | Orb.
     0 | D:1      | Reached XP level 1. HP: 13/13 MP: 2/2
   169 | D:1      | Reached XP level 2. HP: 15/19 MP: 3/3
  1295 | D:2      | Reached XP level 3. HP: 23/24 MP: 4/4
  1333 | D:2      | Found a blossoming altar of Fedhas.
  1462 | D:2      | Noticed Sigmund
  1520 | D:2      | Noticed Robin
  1578 | D:2      | Killed Robin
  1578 | D:2      | Reached skill level 5 in Short Blades
  1881 | D:2      | Reached XP level 4. HP: 30/30 MP: 5/5
  2264 | D:3      | Reached skill level 1 in Fighting
  2264 | D:3      | Reached skill level 1 in Shields
  2367 | D:3      | Reached XP level 5. HP: 37/37 MP: 6/6
  2417 | D:3      | Noticed a phantom
  3165 | D:4      | Noticed a sky beast
  3216 | D:4      | Killed a sky beast
  3311 | D:4      | Reached XP level 6. HP: 46/46 MP: 7/7
  3438 | D:4      | Learned a level 2 spell: Ensorcelled Hibernation
  3442 | D:4      | Learned a level 3 spell: Confuse
  3532 | D:4      | Reached skill level 1 in Hexes
  3926 | D:5      | Entered Level 5 of the Dungeon
  3930 | D:5      | Found an iron altar of Okawaru.
  3935 | D:5      | Found a staircase to the Ecumenical Temple.
  3943 | D:5      | Found a stormy altar of Qazlal.
  3943 | D:5      | Found an ornate altar of the Wu Jian Council.
  3950 | Temple   | Entered the Ecumenical Temple
  4000 | Temple   | Became a worshipper of Dithmenos the Shadowed
  4097 | D:5      | Reached skill level 1 in Spellcasting
  4097 | D:5      | Reached skill level 1 in Ice Magic
  4097 | D:5      | Reached XP level 7. HP: 31/52 MP: 8/8
  4698 | D:5      | Found a radiant altar of Vehumet.
  4857 | D:5      | Reached XP level 8. HP: 60/60 MP: 11/11
  4952 | D:5      | Reached skill level 5 in Hexes
  4957 | D:5      | Found a hide-covered altar of Uskayaw.
  5341 | D:5      | Found a shattered altar of Ashenzari.
  5341 | D:5      | Found a hazy altar of Hepliaklqana.
  5342 | D:5      | Found an opulent altar of Gozag.
  5632 | D:6      | Found Qaciewasudi's Armour Emporium.
  5672 | D:6      | Noticed Edmund
  5678 | D:6      | Killed Edmund
  5735 | D:6      | Reached * piety under Dithmenos
  5735 | D:6      | Reached skill level 5 in Fighting
  5941 | D:6      | Reached skill level 1 in Dodging
  5998 | D:6      | Reached skill level 7 in Stealth
  6068 | D:6      | Noticed Menkaure
  9099 | D:6      | Killed Menkaure
  9099 | D:6      | Reached XP level 9. HP: 56/68 MP: 8/13
  9533 | D:6      | Reached skill level 8 in Stealth
  9670 | D:7      | Identified Yjuczietes's Incunabulum of Confrontation
  9680 | D:7      | Learned a level 3 spell: Tukima's Dance
  9686 | D:7      | Noticed a troll
 10106 | D:7      | Reached skill level 9 in Stealth
 10316 | D:7      | Found a basalt altar of Yredelemnul.
 10381 | D:7      | Killed a troll
 10660 | D:8      | Reached skill level 5 in Evocations
 10837 | D:8      | Reached ** piety under Dithmenos
 10865 | D:8      | Reached skill level 5 in Dodging
 10878 | D:8      | Reached skill level 10 in Stealth
 10878 | D:8      | Reached XP level 10. HP: 55/74 MP: 14/14
 10944 | D:8      | Got a faintly humming robe
 10971 | D:8      | Identified the +1 robe of the Elven Halls {rN++ rCorr SInv}
                  | (You found it on level 8 of the Dungeon)
 10997 | D:8      | Reached skill level 1 in Long Blades
 11113 | D:8      | Noticed a centaur warrior
 11121 | D:8      | Killed a centaur warrior
 11197 | D:8      | Noticed a two-headed ogre
 11262 | D:8      | Killed a two-headed ogre
 11453 | D:8      | Reached skill level 5 in Spellcasting
 11501 | D:8      | Reached skill level 5 in Throwing
 11624 | D:8      | Noticed Joseph
 11741 | D:8      | Learned a level 3 spell: Stone Arrow
 11772 | D:8      | Noticed a queen ant
 11911 | D:8      | Killed a queen ant
 12527 | D:8      | Reached *** piety under Dithmenos
 12713 | D:9      | Found a staircase to the Lair.
 12722 | Lair:1   | Entered Level 1 of the Lair of Beasts
 12872 | D:9      | Reached XP level 11. HP: 51/80 MP: 18/18
 13215 | D:9      | Found a corrupted altar of Lugonu.
 13454 | D:9      | Found an ancient bone altar of Kikubaaqudgha.
 13571 | D:10     | Entered Level 10 of the Dungeon
 13571 | D:10     | Noticed a green ugly thing
 13610 | D:10     | Noticed a centaur warrior
 13615 | D:10     | Killed a centaur warrior
 13615 | D:10     | Reached skill level 10 in Hexes
 13707 | D:10     | Reached skill level 5 in Long Blades
 13767 | D:10     | Found a shadowy altar of Dithmenos.
 13863 | D:10     | Noticed a two-headed ogre
 13902 | D:10     | Reached **** piety under Dithmenos
 13943 | D:10     | Killed a two-headed ogre
 13944 | D:10     | Your ally MisterOstroum died
 13976 | D:10     | Noticed a red ugly thing
 14141 | D:10     | Killed a red ugly thing
 14199 | D:10     | Your ally MisterOstroum died
 14256 | D:10     | Noticed a five-headed hydra
 14272 | D:10     | Killed a five-headed hydra
 14272 | D:10     | Reached skill level 11 in Stealth
 14343 | D:10     | Your ally MisterOstroum died
 14742 | D:10     | Your ally MisterOstroum died
 14826 | Lair:1   | Noticed Urug
 15133 | Lair:1   | Noticed an eight-headed hydra
 15311 | Lair:1   | Reached skill level 12 in Stealth
 15706 | Lair:1   | Killed an eight-headed hydra
 15706 | Lair:1   | Reached XP level 12. HP: 91/91 MP: 19/19
 15769 | Lair:1   | Killed Urug
 15981 | Lair:2   | Found a hole to the Spider Nest.
 16320 | Lair:2   | Reached skill level 13 in Stealth
 16507 | Lair:2   | Reached ***** piety under Dithmenos
 17035 | Lair:3   | Found a staircase to the Swamp.
 17231 | Lair:3   | Noticed Snorg
 17237 | Lair:3   | Your ally MisterOstroum died
 17240 | Lair:3   | Killed Snorg
 17532 | Lair:3   | Your ally MisterOstroum died
 17579 | Lair:3   | Reached skill level 14 in Stealth
 17580 | Lair:3   | Your ally MisterOstroum died
 17752 | Lair:3   | Noticed a seven-headed hydra
 17754 | Lair:3   | Your ally MisterOstroum died
 17763 | Lair:3   | Your ally MisterOstroum died
 17884 | Lair:3   | Killed a seven-headed hydra
 18223 | Lair:4   | Noticed a four-headed hydra
 18397 | Lair:4   | Noticed an eight-headed hydra
 18461 | Lair:4   | Killed an eight-headed hydra
 18461 | Lair:4   | Reached XP level 13. HP: 88/100 MP: 17/20
 18693 | Lair:4   | Noticed Rupert
 18749 | Lair:4   | Learned a level 2 spell: Shackle
 18754 | Lair:4   | Learned a level 4 spell: Cause Fear
 18881 | Lair:4   | Killed Rupert
 19381 | Lair:4   | Reached skill level 15 in Stealth
 19634 | Lair:5   | Your ally MisterOstroum died
 19670 | Lair:5   | Your ally MisterOstroum died
 19795 | Lair:5   | Your ally MisterOstroum died
 20085 | Lair:5   | Your ally MisterOstroum died
 20236 | Lair:6   | Entered Level 6 of the Lair of Beasts
 20309 | Lair:6   | Your ally MisterOstroum died
 20388 | Lair:6   | Your ally MisterOstroum died
 20397 | Lair:6   | Your ally MisterOstroum died
 20463 | Lair:6   | Reached skill level 10 in Fighting
 20723 | Lair:6   | Noticed a dire elephant
 21007 | Lair:6   | Killed a dire elephant
 21091 | Swamp:1  | Entered Level 1 of the Swamp
 21153 | Swamp:1  | Your ally MisterOstroum died
 21183 | Swamp:1  | Reached skill level 10 in Dodging
 21184 | Swamp:1  | Your ally MisterOstroum died
 21752 | Swamp:1  | Reached skill level 1 in Invocations
 22015 | D:2      | Your ally MisterOstroum died
 22033 | D:2      | Killed Sigmund
 22050 | D:2      | Noticed an angel
 22051 | D:2      | Found a glowing silver altar of Zin.
 22201 | D:8      | Killed Joseph
 22299 | D:11     | Noticed Nergalle
 22299 | D:11     | Found a staircase to the Orcish Mines.
 22302 | D:11     | Your ally MisterOstroum died
 22320 | D:12     | Entered Level 12 of the Dungeon
 22337 | D:12     | Found a gate leading to a gauntlet.
 22358 | Gauntlet | Entered a Gauntlet
 22358 | Gauntlet | Found a transporter.
 22358 | Gauntlet | Found a transporter.
 22470 | Gauntlet | Found a transporter.
 22470 | Gauntlet | Found a transporter.
 22470 | Gauntlet | Found a transporter.
 22471 | Gauntlet | Found a transporter.
 22480 | Gauntlet | Found a transporter.
 22480 | Gauntlet | Found a transporter.
 22484 | Gauntlet | Found a transporter.
 22484 | Gauntlet | Found a transporter.
 22495 | Gauntlet | Found a transporter.
 22495 | Gauntlet | Found a transporter.
 22856 | Gauntlet | Got a twitching bone ring
 22867 | Gauntlet | Slain by a sixfirhy

Skill      XL: |  1  2  3  4  5  6  7  8  9 10 11 12 13 |
---------------+----------------------------------------+-----
Short Blades   | 3 4 5 6 7 |  7.2
Fighting       | 1 2 3 5 7 9 10 | 10.0
Shields        | 1 2 3 4 |  4.0
Hexes          | 1 4 6 8 9 10 | 10.4
Spellcasting   | 1 2 3 5 |  5.0
Ice Magic      | 1 2 |  2.8
Dodging        | 2 5 8 10 | 10.0
Throwing       | 2 3 5 6 8 9 |  9.4
Stealth        | 7 10 12 14 15 | 15.0
Evocations     | 3 5 |  5.0
Long Blades    | 4 5 |  5.0
Invocations    | 2 |  2.4

Action                   |  1- 3 |  4- 6 |  7- 9 | 10-12 | 13-15 || total
-------------------------+-------+-------+-------+-------+-------++-------
Melee: Dagger            |   117 |   218 |   132 |       |       ||   467
       Bite              |    11 |    26 |    38 |   114 |    37 ||   226
       Unarmed           |    25 |    12 |     1 |     2 |     5 ||    45
       Trident           |       |     4 |       |       |       ||     4
       Rapier            |       |       |   214 |   758 |   270 ||  1242
 Fire: Blowgun           |     3 |    31 |    25 |    81 |     3 ||   143
Throw: Stone             |     2 |     9 |    12 |     4 |       ||    27
       Tomahawk          |       |       |     4 |    85 |    82 ||   171
       Javelin           |       |       |       |       |    16 ||    16
       Throwing net      |       |       |       |       |     2 ||     2
 Cast: Ensorcelled Hiber |       |       |    37 |    76 |    26 ||   139
       Confuse           |       |       |    29 |    51 |    27 ||   107
       Tukima's Dance    |       |       |       |       |     7 ||     7
       Cause Fear        |       |       |       |       |     3 ||     3
       Shackle           |       |       |       |       |     2 ||     2
Invok: Shadow Step       |       |       |       |     9 |    11 ||    20
 Abil: Bat Form          |     4 |     6 |    27 |    98 |    61 ||   196
       End Transformatio |     4 |     6 |    27 |    98 |    60 ||   195
       Stop Flying       |       |       |       |     1 |       ||     1
Evoke: Wand              |       |       |       |       |     1 ||     1
  Use: Potion            |     4 |     4 |     4 |     3 |     7 ||    22
       Scroll            |     5 |     2 |       |    14 |     9 ||    30
 Stab: Sleeping          |    10 |    10 |    32 |    70 |    31 ||   153
       Distracted        |     1 |     1 |       |     2 |     1 ||     5
       Confused          |       |       |    11 |    18 |    10 ||    39
       Fleeing           |       |       |       |       |     1 ||     1
  Eat: Corpse            |     7 |     3 |    19 |    29 |    10 ||    68
Armor: Robe              |    20 |    30 |    38 |    60 |    20 ||   168
Dodge: Dodged            |    82 |    75 |   178 |   465 |   248 ||  1048
Block: Buckler           |    15 |    38 |   101 |   208 |    98 ||   460
